 Dungeon Crawl Stone Soup version 0.23.0-3-gf3c87f2 (webtiles) character file.

Game seed: 8324249477758726365

390 Kairos the Skirmisher (level 7, -18/55 HPs)
             Began as a Formicid Abyssal Knight on Feb 24, 2019.
             Was a Believer of Lugonu.
             Demolished by an ogre
             ... wielding a +0 giant spiked club
              (21 damage)
             ... on level 4 of the Dungeon.
             The game lasted 00:06:12 (3440 turns).

Kairos the Skirmisher (Formicid Abyssal Knight)     Turns: 3440, Time: 00:06:13

Health: -18/55     AC: 10    Str: 19    XL:     7   Next: 7%
Magic:  8/8        EV:  8    Int: 11    God:    Lugonu [**....]
Gold:   399        SH:  4    Dex: 10    Spells: 6/6 levels left

rFire    . . .     SeeInvis +   i - +1 whip (venom)
rCold    . . .     Gourm    .   (no shield)
rNeg     . . .     Faith    .   g - +0 chain mail
rPois    .         Spirit   .   (helmet unavailable)
rElec    .         Reflect  +   n - +0 cloak
rCorr    .         Harm     .   (no gloves)
MR       .....                  (no boots)
Stlth    ..........             z - +4 amulet of reflection
HPRegen  0.18/turn              (no ring)
MPRegen  0.11/turn              (no ring)

@: no status effects
A: permanent stasis, dig shafts and tunnels, four strong arms, antennae 3
a: Dig, Shaft Self, Depart the Abyss, Bend Space, Renounce Religion


You were on level 4 of the Dungeon.
You worshipped Lugonu.
Lugonu was pleased with you.
You were hungry.

You visited 1 branch of the dungeon, and saw 4 of its levels.
You visited the Abyss 1 time.

You collected 399 gold pieces.

Inventory:

Hand Weapons
 a - a +1 hand axe
 e - a +0 bardiche
 i - a +1 whip of venom (weapon)
 B - a +1 flail of protection
Armour
 b - a +0 leather armour
 g - a +0 chain mail (worn)
 n - a +0 cloak (worn)
 w - a +0 pair of boots
Jewellery
 z - a +4 amulet of reflection (around neck)
Wands
 v - a wand of paralysis (4)
Scrolls
 f - 6 scrolls of remove curse {unknown}
 l - 2 scrolls of immolation {unknown}
 m - 2 scrolls of amnesia {unknown}
 p - 4 scrolls of identify {unknown}
 r - a scroll of noise {unknown}
 s - a scroll of fear {unknown}
 t - 2 scrolls of enchant armour {unknown}
 u - 2 scrolls of enchant weapon {unknown}
 x - a scroll of teleportation {unknown}
 y - 2 scrolls of fog {unknown}
Potions
 d - a potion of heal wounds {unknown}
 h - 2 potions of mutation {unknown}
 j - 2 potions of might {unknown}
 k - a potion of degeneration {unknown}
 o - a potion of lignification {unknown}
 q - a potion of curing {unknown}
Comestibles
 c - 6 rations
 A - a chunk of flesh


   Skills:
 + Level 4.7 Fighting
 + Level 2.1(3.3) Axes
 + Level 3.2(3.5) Maces & Flails
 + Level 2.1(2.5) Polearms
 + Level 4.0 Armour
 + Level 1.9 Dodging
 + Level 1.7 Stealth
 + Level 2.2 Invocations


You had 6 spell levels left.
You didn't know any spells.
Your spell library was empty.

Dungeon Overview and Level Annotations

Branches:
Dungeon (4/15)
 Temple: D:4-7

Altars:
Cheibriados
Okawaru
Trog
Uskayaw
Wu Jian
Zin


Innate Abilities, Weirdness & Mutations

You cannot be hasted, slowed, berserked, paralysed or teleported.
You can dig through walls and to a lower floor.
Your four strong arms can wield two-handed weapons with a shield.
You have a pair of large antennae on your head. (SInv)


Message History

Found a stone staircase leading down.
An ogre is nearby!
The ogre hits you but does no damage.
You hit the ogre.
The ogre is poisoned.
The ogre is lightly wounded.
The ogre closely misses you.
The ogre looks more healthy.
The ogre hits you with a +0 giant spiked club!
You hit the ogre but do no damage.
The ogre is poisoned.
The ogre is severely wounded.
The ogre hits you with a +0 giant spiked club!
* * * LOW HITPOINT WARNING * * *
You are feeling hungry.
The ogre looks more healthy.
The ogre hits you with a +0 giant spiked club!
* * * LOW HITPOINT WARNING * * *
You hit the ogre but do no damage.
The ogre is almost dead.
The ogre hits you with a +0 giant spiked club!!
You die...

#.### #. #...####. #.#>. ..
......... #.#.###
#.#.###........ #.#...
................ #.#.####.#
#............... .........#
#########.### #.# #.#.######
#.........†.# #.#
#....#######...........#
#.####
###............O@......#
#....#
#.##.................####....#
#..........#######...[..÷....#
######.###...# ########....#
.......#.....# #....##
########.#...# #......
##........# #....##
####.........# ###.##
.............# #.# #


You could see an ogre.

Vanquished Creatures
  Edmund (D:4)
  A centaur skeleton (D:4)
  Jessica (D:2)
  2 worker ants (D:4)
  4 gnolls (D:3)
  5 adders
  An adder skeleton (D:3)
  3 worms
  3 dart slugs
  A leopard gecko (D:3)
  7 orcs
  8 bats
  2 giant cockroaches (D:2)
  2 goblins (D:1)
  9 hobgoblins
  7 jackals
  5 kobolds
  A frilled lizard (D:2)
  8 rats
71 creatures vanquished.

Notes
Turn   | Place    | Note
-------+----------+-------------------------------------------
     0 | Abyss:1  | Kairos the Formicid Abyssal Knight began the quest for the
                  | Orb.
     0 | Abyss:1  | Reached XP level 1. HP: 18/18 MP: 2/2
    82 | Abyss:2  | Noticed a smoke demon
    87 | Abyss:2  | Noticed a lich
   127 | Abyss:2  | Noticed a thrashing horror
   129 | Abyss:2  | Noticed a thrashing horror
   131 | D:1      | Escaped the Abyss
   725 | D:1      | Reached skill level 1 in Dodging
   725 | D:1      | Reached XP level 2. HP: 24/24 MP: 3/3
   740 | D:1      | Reached * piety under Lugonu
  1340 | D:1      | Reached XP level 3. HP: 30/30 MP: 4/4
  1801 | D:2      | Found a glowing silver altar of Zin.
  1841 | D:2      | Reached XP level 4. HP: 29/37 MP: 5/5
  1991 | D:2      | Reached skill level 1 in Stealth
  2001 | D:2      | Reached skill level 1 in Polearms
  2137 | D:2      | Noticed Jessica
  2143 | D:2      | Killed Jessica
  2143 | D:2      | Reached XP level 5. HP: 42/42 MP: 6/6
  2572 | D:3      | Found a hide-covered altar of Uskayaw.
  2603 | D:3      | Reached ** piety under Lugonu
  2660 | D:3      | Reached skill level 1 in Maces & Flails
  2885 | D:3      | Found an ornate altar of the Wu Jian Council.
  2893 | D:3      | Found a snail-covered altar of Cheibriados.
  2984 | D:3      | Found a bloodstained altar of Trog.
  3190 | D:4      | Reached XP level 6. HP: 47/48 MP: 7/7
  3192 | D:4      | Found an iron altar of Okawaru.
  3302 | D:4      | Noticed Edmund
  3344 | D:4      | Killed Edmund
  3344 | D:4      | Reached XP level 7. HP: 33/55 MP: 8/8
  3440 | D:4      | Demolished by an ogre

Skill      XL: |  1  2  3  4  5  6 |
---------------+-------------------+-----
Dodging        | 1 |  1.9
Fighting       | 4 |  4.7
Stealth        | 1 |  1.7
Polearms       | 2 |  2.1
Armour         | 3 4 |  4.0
Maces & Flails | 2 3 |  3.2
Axes           | |  2.1
Invocations    | |  2.2

Action                   |  1- 3 |  4- 6 |  7- 9 || total
-------------------------+-------+-------+-------++-------
Melee: Bardiche          |    52 |       |       ||    52
       Whip              |    55 |   179 |     6 ||   240
Invok: Depart the Abyss  |     1 |       |       ||     1
 Abil: Dig               |     1 |       |       ||     1
  Eat: Chunk             |     2 |     5 |     1 ||     8
Armor: Chain mail        |    91 |   138 |     2 ||   231
Dodge: Dodged            |    45 |    85 |     1 ||   131
Block: Other             |       |    13 |       ||    13
